 Dungeon Crawl Stone Soup version 0.31.0-11-ge490571c62 (webtiles) character file.

Game seed: 16727008017767239325

35 Arctor the Firebug (level 3, -3/19 HPs)
             Began as a Deep Elf Fire Elementalist on Feb 8, 2024.
             Killed by nerve-wracking pain
             ... invoked by Jessica
              (11 damage)
             ... on level 2 of the Dungeon.
             The game lasted 00:01:42 (1528 turns).

Arctor the Firebug (Deep Elf Fire Elementalist)     Turns: 1528, Time: 00:01:43

Health: -3/19      AC:  3    Str:  5    XL:     3   Next: 17%
Magic:  1/9        EV: 13    Int: 21    God:
Gold:   110        SH:  5    Dex: 15    Spells: 2/8 levels left

rFire   . . .        d - +0 dagger (protect)
rCold   . . .        (no shield)
rNeg    . . .        a - +0 robe
rPois   .            (no helmet)
rElec   .            (no cloak)
rCorr   .            (no gloves)
SInv    .            e - +0 pair of boots
Will    .....        h - amulet of reflection
Stlth   ++           g - ring of wizardry
HPRegen 0.23/turn    (no ring)
MPRegen 0.11/turn

%: reflection, wizardry (x1)
@: no status effects
A: no striking features
a: no special abilities


You were on level 2 of the Dungeon.
You visited 1 branch of the dungeon, and saw 2 of its levels.

You collected 110 gold pieces.

Inventory:

Hand Weapons
 d - a +0 dagger of protection (weapon)
 f - a +2 dagger of holy wrath
Armour
 a - a +0 robe (worn)
 e - a +0 pair of boots (worn)
Jewellery
 g - a ring of wizardry (left hand)
 h - an amulet of reflection (around neck)
Scrolls
 i - a scroll of teleportation {unknown}
 k - a scroll of fear {unknown}
Potions
 b - a potion of magic
 c - a potion of enlightenment {unknown}
 j - 2 potions of might {unknown}


   Skills:
 + Level 3.0 Dodging
 + Level 3.0 Stealth
 + Level 3.4 Spellcasting
 + Level 1.7 Conjurations
 + Level 3.6 Fire Magic


You had 2 spell levels left.
You knew the following spells:

 Your Spells              Type           Power      Damage    Failure   Level
a - Foxfire               Conj/Fire      56%        2x1d6     1%          1
b - Scorch                Fire           36%        2d6       1%          2
c - Volatile Blastmotes   Fire/Tloc      22%        2d11      8%          3

Your spell library contained the following spells:

 Spells                   Type           Power      Damage    Failure   Level
 Inner Flame              Hex/Fire       11%        N/A       8%          3
 Flame Wave               Conj/Fire      14%        2d6       16%         4
 Conjure Ball Lightning   Conj/Air       3%         3x3d6     99%         6
 Discord                  Hex            1%         N/A       100%        8
 Disjunction              Tloc           1%         N/A       100%        8


Dungeon Overview and Level Annotations

Branches:
Dungeon (2/15)

Altars:

Shops:
D:1 *

Annotations:
D:2 Jessica


Message History

The ribbon worm attacks as it pursues you!
The ribbon worm barely misses you.
The ribbon worm expels a string of sticky webbing.
You block the stream of webbing... and reflect it back!
The stream of webbing hits the ribbon worm but does no damage.
The ribbon worm is caught in a web!
The ribbon worm tears the web.
Jessica is no longer more vulnerable to fire.
Jessica mumbles some strange words.
Jessica seems to speed up.
The ribbon worm is no longer more vulnerable to fire.
The ribbon worm expels a string of sticky webbing.
The stream of webbing hits you but does no damage.
You are caught in a web!
Jessica casts a spell.
Jessica blinks!
There is a web here.
Casting: Foxfire (safe; 1% risk of failure)
Confirm with . or Enter, or press ? or * to list all spells.
You conjure some foxfire!
You struggle to detach yourself from the web.
The foxfire hits the ribbon worm.
The ribbon worm is moderately wounded.
The foxfire hits the ribbon worm.
The ribbon worm is heavily wounded.
The web tears apart.
Jessica mumbles something strange.
Jessica casts a spell.
Jessica blinks!
The ribbon worm expels a string of sticky webbing.
The stream of webbing hits you but does no damage.
You are caught in a web!
Jessica hits you with a +4 club!
There is a web here.
You struggle to detach yourself from the web.
Jessica gestures at you while chanting. Pain shoots through your body!
The web tears apart.
Jessica barely misses you. Jessica misses you.
Jessica gestures at you while chanting. Pain shoots through your body!
Ouch! That really hurt!
You die...

##.####..##.#........
#.#.....#.##........
########.§...#.##.#........
#.........##............†..
..############<.###......).
##............
##############..........
.#########.....##.......#........
......§.##....w@@(.....##........
..#####................##........
# ###..............##########
##.....##......# ########......#
########


You could see a ribbon worm and Jessica (fast).

Vanquished Creatures
  A ribbon worm (D:2)
  2 dart slugs
  2 ball pythons
  An endoplasm (D:1)
  2 giant cockroaches (D:1)
  3 goblins
  3 hobgoblins
  2 kobolds
  3 quokkas
  2 bats (D:2)
  A frilled lizard (D:2)
  3 rats
25 creatures vanquished.

Vanquished Creatures (others)
  157 foxfires
157 creatures vanquished.

Grand Total: 182 creatures vanquished

Notes
Turn   | Place    | Note
-------+----------+-------------------------------------------
     0 | D:1      | Arctor the Deep Elf Fire Elementalist began the quest for
                  | the Orb.
     0 | D:1      | Reached XP level 1. HP: 10/10 MP: 6/6
   371 | D:1      | Reached XP level 2. HP: 15/15 MP: 5/8
   443 | D:1      | Learned a level 2 spell: Scorch
   647 | D:1      | Found Kozxym's Assorted Antiques.
  1157 | D:2      | Reached XP level 3. HP: 19/19 MP: 2/9
  1161 | D:2      | Learned a level 3 spell: Volatile Blastmotes
  1508 | D:2      | Noticed Jessica
  1528 | D:2      | Killed from afar by Jessica

Illustrated notes

Levels and vault maps discovered:
D:1:      minmay_arrival_four_circles, layout_rooms, serial_shops,
          nicolae_shop_behind_doors
D:2:      layout_rooms, kennysheep_cross_room, kennysheep_small_spiral,
          minmay_misc_feat_tiny, uniq_jessica

Skill      XL: |  1  2  3 |
---------------+----------+-----
Stealth        | 3 |  3.0
Dodging        | 3 |  3.0
Spellcasting   | |  3.4
Conjurations   | |  1.7
Fire Magic     | |  3.6

Action                     || total
---------------------------++-------
  Melee: Dagger            ||    24
   Cast: Foxfire           ||    92
         Scorch            ||     6
 Armour: Robe              ||    33
  Dodge: Dodged            ||    41
  Block: Other             ||     8
         Reflection        ||     2
